Map: Catalyst LE

Players

Scarlett - Winner!

  • Race: Zerg Zerg
  • Spawn Location: 5:00

PtitDrogo

  • Race: Protoss Protoss
  • Spawn Location: 11:00

VOD

Have the link to the VOD?

Description

Time

  • Played on: July 12, 2018, 12:59 p.m.
  • Length: 7:45
Show
View Real Time Build Order
Export as new Build Order

Scarlett Zerg - Winner!

Build Orders: Hatch First 

Get SALT Encoding   

  12  0:00  Drone  
  13  0:12  Overlord  
  13  0:17  Drone  
  14  0:31  Drone x2  
  16  0:48  Hatchery  
  15  0:51  Drone  
  15  0:54  Drone  
  17  0:58  Drone  
  18  1:08  Extractor  
  17  1:13  Spawning Pool  
  17  1:17  Drone  
  17  1:20  Drone  
  18  1:28  Drone  
  19  1:39  Drone  
  20  1:49  Drone  
  21  2:00  Overlord  
  21  2:01  Queen x2  
  21  2:02  Zergling x2  
  26  2:09  Metabolic Boost  
  26  2:11  Drone  
  26  2:14  Drone  
  28  2:24  Drone x2  
  30  2:35  Drone x2  
  32  2:40  Hatchery  
  31  2:45  Queen  
  31  2:50  Overlord  
  33  2:53  Zergling x2  
  33  2:55  Drone  
  35  3:06  Drone  
  35  3:10  Drone x2  
  38  3:15  Spore Crawler  
  38  3:18  Drone  
  38  3:19  Drone x5  
  43  3:24  Overlord  
  43  3:28  Zergling x2  
  44  3:34  Overlord, Lair  
  44  3:37  Extractor  
  44  3:38  Extractor  
  42  3:42  Overlord  
  42  3:46  Drone  
  42  3:47  Spore Crawler  
  42  3:48  Drone  
  43  3:51  Queen  
  43  3:52  Drone  
  46  3:55  Drone  
  46  3:56  Drone  
  46  3:58  Drone  
  46  4:00  Extractor  
  46  4:02  Drone x2  
  50  4:05  Drone  
  50  4:09  Drone x2  
  53  4:13  Drone x2  
  55  4:21  Spore Crawler  
  54  4:26  Spore Crawler  
  54  4:29  Drone x3  
  56  4:33  Zergling x10  
  56  4:37  Hydralisk Den  
  61  4:39  Drone  
  61  4:44  Overlord x2  
  62  4:50  Overlord  
  62  4:54  Drone x4  
  62  4:59  Overlord x2  
  66  5:03  Overlord  
  66  5:06  Overlord  
  65  5:12  Muscular Augments  
  65  5:13  Drone x2  
  68  5:14  Drone  
  68  5:15  Drone  
  68  5:17  Hydralisk  
  71  5:23  Hydralisk x2  
  71  5:27  Hydralisk  
  77  5:29  Hydralisk  
  77  5:35  Hydralisk x2  
  79  5:39  Hydralisk x2  
  79  5:41  Overseer  
  86  5:47  Hydralisk x2  
  90  5:50  Hydralisk  
  90  5:56  Baneling Nest  
  91  6:00  Hydralisk x3  
  97  6:07  Hydralisk x3  
  103  6:13  Hydralisk x2  
  105  6:19  Hydralisk x2  
  105  6:25  Hydralisk, Zergling x8  
  112  6:29  Overlord  
  112  6:30  Overlord  
  115  6:33  Zergling x4  
  115  6:37  Zergling x8  
  121  6:42  Baneling  
  121  6:43  Baneling x7  
  121  6:44  Baneling  
  121  6:50  Zergling x8  
  121  6:51  Zergling x2  
  126  6:57  Baneling x3  
  126  6:58  Baneling  
  114  7:13  Hydralisk, Zergling x6  
  114  7:14  Zergling x16  
  114  7:15  Baneling x3  
  113  7:27  Zergling x10  
Show
View Real Time Build Order
Export as new Build Order

PtitDrogo Protoss 

Build Orders: 1 Gate Expand, Oracle Opening, Phoenix Opening, Zealot Archon, Archon Drop 

Get SALT Encoding   

  12  0:00  Probe  
  13  0:12  Probe  
  14  0:20  Pylon  
  14  0:26  Probe  
  15  0:34  Probe  
  15  0:42  Probe  
  16  0:46  Gateway  
  16  0:47  Assimilator  
  17  0:52  Probe  
  18  1:04  Probe  
  19  1:16  Probe  
  20  1:24  Nexus  
  20  1:34  Cybernetics Core  
  20  1:38  Probe  
  21  1:44  Assimilator  
  21  1:50  Probe  
  21  1:52  Pylon  
  22  2:02  Probe, Adept  
  23  2:14  Probe  
  26  2:17  Stargate  
  26  2:26  Warp Gate  
  26  2:27  Probe  
  27  2:30  Adept  
  27  2:35  Probe x2  
  29  2:43  Probe x2  
  33  2:53  Probe x2  
  33  2:57  Phoenix  
  35  3:05  Probe x2  
  39  3:09  Pylon  
  39  3:17  Probe  
  39  3:19  Probe  
  41  3:24  Oracle  
  44  3:29  Probe  
  44  3:31  Probe  
  44  3:33  Assimilator  
  46  3:35  Assimilator  
  46  3:41  Probe  
  46  3:43  Robotics Facility  
  46  3:47  Probe  
  48  3:53  Probe  
  48  3:55  Twilight Council  
  49  3:59  Probe  
  50  4:05  Probe  
  51  4:11  Pylon, Probe  
  51  4:14  Gateway  
  51  4:15  Gateway  
  51  4:16  Gateway  
  52  4:17  Probe  
  52  4:23  Probe, Warp Prism  
  54  4:30  Probe  
  55  4:36  Templar Archives  
  57  4:39  Forge  
  57  4:42  Pylon  
  57  4:44  Zealot  
  59  5:00  Nexus  
  59  5:03  Pylon  
  59  5:05  Pylon, Probe  
  60  5:07  Charge  
  60  5:15  High Templar x2  
  60  5:16  High Templar x2  
  60  5:18  Probe  
  60  5:19  Archon x2  
  60  5:21  Observer, Probe  
  70  5:22  Protoss Ground Weapons Level 1, Shield Battery  
  71  5:33  Probe  
  71  5:34  Probe  
  73  5:43  Gateway  
  73  5:44  Gateway  
  73  5:45  Probe  
  73  5:47  Probe  
  73  5:48  Immortal  
  79  5:59  Gateway  
  79  6:02  Gateway  
  79  6:03  Pylon  
  79  6:05  Zealot x2  
  79  6:11  Probe  
  84  6:13  Probe  
  84  6:16  Probe  
  84  6:23  Probe  
  85  6:25  Probe  
  85  6:27  Gateway  
  85  6:28  Gateway, Probe  
  85  6:31  Immortal  
  91  6:35  High Templar x2  
  95  6:40  Archon  
  95  6:45  Zealot x2  
  95  6:46  Pylon  
  99  6:53  Pylon  
  99  6:57  High Templar x2  
  99  6:58  Zealot x2  
  107  7:01  Archon  
  107  7:06  Zealot x2  
  100  7:09  Zealot x2  
  90  7:22  Zealot x3  
  85  7:28  Zealot x2  
  77  7:31  Zealot x4  
Tags
 
Add a new tag
Caveats
  • Supply blocks, unpowered buildings, or Contaminate may cause inaccurate times.
  • Supply counts are checked every 10 seconds.